 Dungeon Crawl Stone Soup version 0.27-a0-417-g317cea8a3c (webtiles) character file.

Game seed: 12568655475223058656

49 wampuh the Skirmisher (level 3, -2/43 HPs)
             Began as a Demonspawn Abyssal Knight on Feb 25, 2021.
             Was a Follower of Lugonu.
             Killed from afar by Natasha (9 damage)
             ... with a magic dart
             ... on level 2 of the Dungeon.
             The game lasted 00:02:34 (1656 turns).

wampuh the Skirmisher (Demonspawn Abyssal Knight)   Turns: 1656, Time: 00:02:35

Health: -2/43      AC: 21    Str: 13    XL:     3   Next: 51%
Magic:  4/4        EV:  2    Int: 13    God:    Lugonu [*.....]
Gold:   67         SH:  0    Dex: 12    Spells: 2/2 levels left

rFire    . . .     SeeInvis .   i - +0 club
rCold    . . .     Faith    .   (no shield)
rNeg     + + +     Spirit   .   (armour currently unavailable)
rPois    +         Reflect  .   (helmet currently unavailable)
rElec    .         Harm     .   (cloak currently unavailable)
rCorr    .         Rampage  .   (gloves currently unavailable)
Will     .....     NoTele   +   (boots currently unavailable)
Stlth    +.........             (no amulet)
HPRegen  0.14/turn              (no ring)
MPRegen  0.09/turn              (no ring)

@: tree-form
A: demonic guardian 1, foul stench 1
a: Renounce Religion, Depart the Abyss


You were on level 2 of the Dungeon.
You worshipped Lugonu.
Lugonu was aware of your devotion.
You were a tree.
You visited 1 branch of the dungeon, and saw 2 of its levels.
You visited the Abyss 1 time.

You collected 67 gold pieces.

Inventory:

Hand Weapons
 i - a +0 club (weapon)
Missiles
 c - a throwing net
Armour
 a - a +0 leather armour
 h - a +0 chain mail (melded)
Scrolls
 b - a scroll of magic mapping {unknown}
 d - 3 scrolls of identify {unknown}
 f - a scroll of random uselessness {unknown}
 k - a scroll of enchant armour {unknown}
Potions
 e - 2 potions of lignification
 g - 2 potions of flight {unknown}
 j - a potion of heal wounds


   Skills:
 + Level 3.5 Fighting
 + Level 2.5 Armour
 + Level 1.8 Dodging
 - Level 1.7 Unarmed Combat
 - Level 2.4 Invocations


You had 2 spell levels left.
You didn't know any spells.
Your spell library was empty.

Dungeon Overview and Level Annotations

Branches:
Dungeon (2/15)

Altars:

Annotations:
D:2 Natasha


Innate Abilities, Weirdness & Mutations

A weak demonic guardian rushes to your aid.
You may rarely emit foul miasma when damaged in melee.


Message History

Natasha is moderately wounded.
Natasha claws you but does no damage. x2
You closely miss Natasha.
Natasha is moderately wounded.
Natasha claws you but does no damage.
You closely miss Natasha.
Natasha is moderately wounded.
Natasha stares at you and mumbles some strange words.
The magic dart hits you but does no damage.
You closely miss Natasha.
Natasha is moderately wounded.
Natasha barely misses you.
You hit Natasha but do no damage.
Natasha is moderately wounded.
Natasha claws you but does no damage. Natasha claws you.
You hit Natasha.
Natasha is severely wounded.
Natasha claws you but does no damage.
You closely miss Natasha.
Natasha is severely wounded.
Natasha drinks a potion.
Natasha is healed!
You closely miss Natasha. Natasha claws you.
* * * LOW HITPOINT WARNING * * *
A demonic guardian appears!
Natasha casts a spell.
You hit Natasha.
Natasha is moderately wounded.
The white imp disappears in a puff of smoke!
Natasha claws you.
* * * LOW HITPOINT WARNING * * *
The white imp hits you but does no damage.
You hit Natasha.
Natasha is moderately wounded.
Natasha claws you but does no damage.
The white imp hits you but does no damage.
You hit Natasha but do no damage.
Natasha is moderately wounded.
Natasha casts a spell at you. The magic dart hits you!
You die...

.# #.#### ##....
######...## #####
#..........
#...####.###...#
####.#............# h
#.....5####>......###...
#.#...5♣h§...##...$..#.
#...#.#####.............
##. #.# #####..##.###.
.. #.# #..# .# ## #.#
#..# .# #)# #... .. #.#
##.##.# #.# #.# .. #.#
.#


You could see Natasha (ally target), a white imp (summoned) and a friendly
ufetubus (summoned).

Vanquished Creatures
  An adder (D:2)
  An ooze (D:1)
  A dart slug (D:1)
  2 leopard geckos (D:1)
  A giant cockroach (D:1)
  5 goblins
  5 hobgoblins (D:1)
  2 ball pythons (D:1)
  3 bats
  3 frilled lizards
  4 kobolds
  5 rats (D:1)
33 creatures vanquished.

Notes
Turn   | Place    | Note
-------+----------+-------------------------------------------
     0 | Abyss:1  | wampuh the Demonspawn Abyssal Knight began the quest for
                  | the Orb.
     0 | Abyss:1  | Reached XP level 1. HP: 18/18 MP: 2/2
   106 | Abyss:1  | Noticed a chaos spawn
   107 | D:1      | Escaped the Abyss
   175 | D:1      | Reached skill level 1 in Dodging
   224 | D:1      | Reached * piety under Lugonu
   411 | D:1      | Gained mutation: You may rarely emit foul miasma when
                  | damaged in melee. [demonic ancestry]
   411 | D:1      | Reached XP level 2. HP: 24/24 MP: 3/3
  1131 | D:1      | Gained mutation: A weak demonic guardian rushes to your
                  | aid. [demonic ancestry]
  1131 | D:1      | Reached XP level 3. HP: 28/29 MP: 4/4
  1609 | D:2      | Noticed Natasha
  1656 | D:2      | Killed from afar by Natasha

Illustrated notes

Levels and vault maps discovered:
D:1:      minmay_arrival_hallway, layout_loops_corners, hangedman_decor_lopped
D:2:      layout_loops_ring, kennysheep_pointless_box, uniq_jessica, uniq_robin,
          uniq_natasha

Skill      XL: |  1 |
---------------+----+-----
Dodging        | 1 |  1.8
Armour         | 2 |  2.5
Fighting       | |  3.5
Unarmed Combat | |  1.7
Invocations    | |  2.4

Action                   || total
-------------------------++-------
Melee: Dagger            ||    98
       Unarmed           ||    13
       Club              ||    53
Invok: Depart the Abyss  ||     1
  Use: Potion            ||     1
Armor: Leather armour    ||     7
       Chain mail        ||    72
       Skin              ||    10
Dodge: Dodged            ||    53

Table legend: (Time is in decaauts)
 A = Elapsed time spent in this place.
 B = Non-inter-level travel time spent in this place.
 C = Inter-level travel time spent in this place.
 D = Time resting spent in this place.
 E = Time spent auto-exploring this place.
 F = Levels seen in this place.
 G = Mean time per level.
                   A        B        C        D        E       F      G
               +--------+--------+--------+--------+--------+-----+--------+
         Total |   1669 |   1635 |     34 |      0 |   1274 |   3 |  556.3 |
       Dungeon |   1562 |   1528 |     34 |      0 |   1213 |   2 |  781.0 |
         Abyss |    107 |    107 |      0 |      0 |     61 |   1 |  107.0 |
               +--------+--------+--------+--------+--------+-----+--------+

Top non-repeatable levels by time:
     D:1: 1435 daAuts
     D:2: 126 daAuts
 Abyss:1: 107 daAuts
